 Dungeon Crawl Stone Soup version 0.25-a0-290-g4a1327ee3a (webtiles) character file.

Game seed: 7601939954264349210, levelgen mode: classic

7106 Borgoz the Protected (level 10, -2/95 HPs)
             Began as a Minotaur Gladiator on Dec 14, 2019.
             Was a Follower of Ashenzari.
             Slain by an orc warrior
             ... wielding a +0 hand axe
              (18 damage)
             ... in a bailey.
             The game lasted 00:15:14 (7047 turns).

Borgoz the Protected (Minotaur Gladiator)           Turns: 7047, Time: 00:15:15

Health: -2/95      AC:  6    Str: 19    XL:     10   Next: 84%
Magic:  9/9        EV: 19    Int:  5    God:    Ashenzari [*.....]
Gold:   512        SH:  0    Dex: 15    Spells: 9/9 levels left

rFire    . . .     SeeInvis .   w - +0 broad axe
rCold    . . .     Gourm    .   (no shield)
rNeg     . . .     Faith    .   B - +0 troll leather armour
rPois    .         Spirit   .   c - +0 hat
rElec    .         Reflect  .   (no cloak)
rCorr    .         Harm     .   (no gloves)
MR       .....                  (no boots)
Stlth    ++........             (no amulet)
HPRegen  0.65/turn              u - ring of stealth
MPRegen  0.11/turn              (no ring)

@: no status effects
A: retaliatory headbutt, horns 2
a: Curse Item, Scrying, Renounce Religion


You were in a bailey.
You worshipped Ashenzari.
Ashenzari was aware of your devotion.
You were not hungry.

You visited 2 branches of the dungeon, and saw 9 of its levels.
You also visited: Bailey.

You collected 512 gold pieces.

Inventory:

Hand Weapons
 h - the +6 rapier of Ash {drain, rPois rC++}
   (You found it on level 5 of the Dungeon)

   A truly terrible weapon, it drains the life of those it strikes.
   It greatly protects you from cold.
   It protects you from poison.
 w - a +0 broad axe (weapon)
Missiles
 d - 4 throwing nets (quivered)
Armour
 c - a +0 hat (worn)
 m - a +0 scale mail
 B - a +0 troll leather armour (worn)
Jewellery
 u - a ring of stealth (left hand)
Wands
 e - a wand of flame (29)
 j - a wand of digging (3)
 z - a wand of paralysis (8)
 C - a wand of disintegration (8)
Scrolls
 b - 2 scrolls of enchant weapon
 g - 4 scrolls of teleportation {unknown}
 i - a scroll of fear
 l - 4 scrolls of immolation
 n - 3 scrolls of remove curse
 p - 2 scrolls of magic mapping
 t - 3 scrolls of blinking {unknown}
 v - 3 scrolls of amnesia {unknown}
 y - a scroll of enchant armour {unknown}
 A - a scroll of fog {unknown}
 D - 2 scrolls of identify
Potions
 k - 2 potions of brilliance
 o - a potion of heal wounds
 q - a potion of invisibility {unknown}
 r - 5 potions of curing
 s - 2 potions of haste
 x - a potion of lignification
Comestibles
 a - 21 chunks of flesh
 f - 19 rations


   Skills:
 + Level 11.0 Fighting
 + Level 11.2 Axes
 - Level 2.0 Throwing
 + Level 11.4 Armour
 + Level 11.1 Dodging


You had 9 spell levels left.
You didn't know any spells.
Your spell library contained the following spells:

 Spells                   Type           Power        Failure   Level  Hunger
 Beastly Appendage        Tmut           #.....       52%         1    ##.....
 Summon Small Mammal      Summ           #...         52%         1    ##.....
 Call Imp                 Summ           #.......     65%         2    ###....
 Sticks to Snakes         Tmut           #.......     65%         2    ###....
 Call Canine Familiar     Summ           #.......     87%         3    ####...
 Spider Form              Tmut/Pois      #.........   87%         3    ####...
 Summon Guardian Golem    Hex/Summ       #.......     87%         3    ####...
 Ice Form                 Ice/Tmut       #.......     99%         4    #####..
 Summon Ice Beast         Ice/Summ       #.......     99%         4    #####..
 Summon Lightning Spire   Summ/Air       #.......     99%         4    #####..
 Blade Hands              Tmut           #.........   100%        5    ######.


Dungeon Overview and Level Annotations

Branches:
Dungeon (8/15)             Temple (1/1) D:4          Bailey (1/1)
   Lair: D:8-11

Altars:
Ashenzari
Cheibriados
Dithmenos
Elyvilon
Fedhas
Gozag
Hepliaklqana
Kikubaaqudgha
Makhleb
Nemelex Xobeh
Okawaru
Qazlal
Ru
Sif Muna
Trog
Uskayaw
Vehumet
Wu Jian
Xom
Yredelemnul
Zin
The Shining One

Shops:
D:5 :!(

Annotations:
D:8 1 runed translucent door, wozzle's ghost, novice DrVM


Innate Abilities, Weirdness & Mutations

You reflexively headbutt those who attack you in melee.
You have a pair of horns on your head.


Message History

You hit the orc.
You kill the orc!
The orc completely misses you. The orc misses you.
The orc warrior hits you with a +0 hand axe!
* * * LOW HITPOINT WARNING * * *
The orc closely misses you. The orc closely misses you.
The orc barely misses you.
Some of the chunks of flesh in your inventory have rotted away.
Things that are here:
a +0 trident; a +0 ring mail; an orc corpse The orc misses you.
The orc hits you but does no damage. The orc barely misses you.
The orc warrior barely misses you.
Items here: )) [ † a +0 war axe; a +0 spear; a +0 chain mail; an orc corpse You barely miss the orc.
You hit the orc warrior. You barely miss the orc. The orc misses you.
The orc hits you with a +0 halberd.
* * * LOW HITPOINT WARNING * * *
The orc closely misses you.
The orc warrior hits you with a +0 hand axe!!
You die...

#...#
#...#
#...#
#...#
###'###
##.....##
#....)..#
#...o...#
#..o)@).#
#....oo.#
#.......#
##.....##
##+++##


You could see an orc warrior and 3 orcs.

Vanquished Creatures
  A two-headed ogre (D:6)
  A komodo dragon (D:8)
  A troll (D:6)
  A yak (D:8)
  Sigmund (D:6)
  4 hogs (D:8)
  A human (D:8)
  Eustachio (D:5)
  Menkaure (D:4)
  Edmund (D:5)
  Duvessa (D:4)
  4 ice beasts
  3 orc warriors
  2 phantoms
  2 black bears
  4 ogres
  6 centaurs
  2 bullfrogs
  Blork the orc (D:4)
  A wyvern skeleton (D:7)
  3 scorpions
  Dowan (D:4)
  5 wights (D:6)
  A howler monkey (D:6)
  5 crimson imps
  4 hounds
  A jelly (D:7)
  3 bullfrog skeletons
  A gnoll shaman (D:7)
  A centaur skeleton (D:7)
  3 orc wizards
  Jessica (D:3)
  4 iguanas (D:6)
  Ijyb (D:4)
  4 worker ants
  2 hound skeletons
  5 gnolls (D:7)
  A howler monkey skeleton (D:8)
  8 adders
  2 shadow imps
  2 oozes
  An adder skeleton (D:8)
  4 worms
  A dart slug (D:2)
  7 leopard geckos
  38 orcs
  9 bats
  4 giant cockroaches
  16 goblins
  5 hobgoblins
  6 jackals
  3 quokkas
  6 frilled lizards
  7 kobolds
  A leopard gecko skeleton (D:4)
  A quokka zombie (D:8)
  8 rats
214 creatures vanquished.

Vanquished Creatures (others)
  A giant cockroach (D:5)
1 creature vanquished.

Grand Total: 215 creatures vanquished

Notes
Turn   | Place    | Note
-------+----------+-------------------------------------------
     0 | D:1      | Borgoz the Minotaur Gladiator began the quest for the Orb.
     0 | D:1      | Reached XP level 1. HP: 18/18 MP: 0/0
   140 | D:1      | Reached XP level 2. HP: 21/25 MP: 1/1
   194 | D:1      | Reached skill level 1 in Armour
   459 | D:1      | Reached XP level 3. HP: 29/31 MP: 2/2
  1330 | D:2      | Reached XP level 4. HP: 36/38 MP: 3/3
  2000 | D:3      | Noticed Jessica
  2007 | D:3      | Killed Jessica
  2337 | D:3      | Reached XP level 5. HP: 24/46 MP: 4/4
  2941 | D:4      | Noticed Blork the orc
  2948 | D:4      | Reached XP level 6. HP: 31/61 MP: 5/5
  2956 | D:4      | Killed Blork the orc
  3193 | D:4      | Noticed Ijyb
  3201 | D:4      | Killed Ijyb
  3294 | D:4      | Reached XP level 7. HP: 35/69 MP: 6/6
  3593 | D:4      | Noticed Menkaure
  3600 | D:4      | Killed Menkaure
  3735 | D:4      | Found a staircase to the Ecumenical Temple.
  3746 | Temple   | Entered the Ecumenical Temple
  3851 | Temple   | Became a worshipper of Ashenzari the Shackled
  3947 | D:4      | Found a stormy altar of Qazlal.
  3948 | D:4      | Noticed a water elemental
  3948 | D:4      | Noticed Dowan
  3953 | D:4      | Noticed an air elemental
  3954 | D:4      | Noticed Duvessa
  3963 | D:4      | Killed Dowan
  3971 | D:4      | Reached skill level 10 in Axes
  3971 | D:4      | Reached skill level 10 in Armour
  3971 | D:4      | Reached skill level 10 in Dodging
  3971 | D:4      | Reached XP level 8. HP: 20/79 MP: 7/7
  3977 | D:4      | Killed Duvessa
  4280 | D:5      | Entered Level 5 of the Dungeon
  4280 | D:5      | Noticed Edmund
  4290 | D:5      | Killed Edmund
  4378 | D:5      | Found Qunkoyge's Book Shop.
  4449 | D:5      | Found Yminyp's Distillery.
  4477 | D:5      | Got the rapier of Ash {drain, rPois rC++}
  4627 | D:5      | Reached XP level 9. HP: 78/85 MP: 8/8
  4672 | D:5      | Found Esuoc's Antique Weapon Emporium.
  4681 | D:5      | Reached skill level 10 in Fighting
  4818 | D:5      | Noticed Eustachio
  4826 | D:5      | Killed Eustachio
  4851 | D:5      | Found a white marble altar of Elyvilon.
  5091 | D:6      | Found a glowing golden altar of the Shining One.
  5250 | D:6      | Noticed a troll
  5266 | D:6      | Killed a troll
  5518 | D:6      | Noticed Sigmund
  5530 | D:6      | Killed Sigmund
  5613 | D:6      | Noticed a two-headed ogre
  5621 | D:6      | Killed a two-headed ogre
  5621 | D:6      | Reached XP level 10. HP: 41/94 MP: 9/9
  6113 | D:7      | Reached * piety under Ashenzari
  6204 | D:7      | Found a sand-covered staircase.
  6693 | D:8      | Found a runed translucent door.
  6695 | D:8      | Noticed wozzle's ghost (novice DrVM)
  6697 | D:8      | Noticed a cyclops
  6943 | D:8      | Found a flagged portal.
  6960 | Bailey   | Entered a bailey
  7047 | Bailey   | Slain by an orc warrior

Levels and vault maps discovered:
D:1:      shiori_arrival_elements, layout_basic, hangedman_feature_mirror
D:2:      layout_basic, guppyfry_early_orc_mine
D:3:      layout_basic, uniq_jessica
D:4:      layout_cave_pools, minmay_temple_entry_hall, first_ration,
          nicolae_qazlal_style_of_elements, uniq_blork_the_orc, uniq_ijyb,
          uniq_menkaure, uniq_duvessa
D:5:      layout_rooms, serial_shops, nicolae_shop_stone, nicolae_shop_stone,
          shop, nicolae_zen_rock_garden, elyvilon_altar_4, uniq_eustachio,
          uniq_edmund
D:6:      layout_basic, nicolae_overflow_crystal_walls, uniq_sigmund
D:7:      black_bear_nest_1, layout_basic, chequers_ossuary_entry_cave
D:8:      kennysheep_blocky_room, layout_cave_pools, enter_bailey_3,
          ebering_ghost_inner_flame, grunt_livestock, uniq_psyche
Temple:   kilobyte_greek_temple
Bailey:   bailey_polearm_5, bailey

Skill      XL: |  1  2  3  4  5  6  7  8  9 10 |
---------------+-------------------------------+-----
Armour         | 1 2 7 10 11 | 11.4
Axes           | 4 8 10 11 | 11.2
Fighting       | 3 8 9 10 11 | 11.0
Dodging        | 4 7 8 10 11 | 11.1
Throwing       | |  2.0

Action                   |  1- 3 |  4- 6 |  7- 9 | 10-12 || total
-------------------------+-------+-------+-------+-------++-------
Melee: War axe           |    90 |    73 |    16 |       ||   179
       Headbutt          |     7 |    15 |    36 |    38 ||    96
       Broad axe         |       |       |   169 |   169 ||   338
  Use: Potion            |       |     2 |     5 |     1 ||     8
       Scroll            |       |       |     8 |       ||     8
 Stab: Sleeping          |       |       |     1 |     4 ||     5
       Distracted        |       |       |       |     1 ||     1
  Eat: Chunk             |     1 |     7 |     7 |     5 ||    20
Armor: Leather armour    |    12 |       |       |       ||    12
       Scale mail        |    35 |    20 |    42 |       ||    97
       Troll leather arm |       |       |     6 |    44 ||    50
Dodge: Dodged            |    57 |    44 |   159 |   220 ||   480

Table legend:
 A = Non-vault XP
 B = Vault XP
 C = Vault XP percentage of total XP
 D = Non-vault monster count
 E = Vault monster count
 F = Vault count percentage of total count
                 A         B        C        D         E       F
            +---------+---------+-------+---------+---------+-------
      Total |    5665 |    3209 |  36.2 |     159 |      55 |  25.7
            +---------+---------+-------+---------+---------+-------
        D:1 |      46 |       4 |   8.0 |      28 |       2 |   6.7
        D:2 |      55 |      16 |  22.5 |      16 |       7 |  30.4
        D:3 |      97 |      37 |  27.6 |      17 |       1 |   5.6
        D:4 |     236 |     503 |  68.1 |       8 |       5 |  38.5
        D:5 |     642 |     355 |  35.6 |      16 |       2 |  11.1
        D:6 |    2694 |     212 |   7.3 |      29 |       1 |   3.3
        D:7 |     726 |     124 |  14.6 |      26 |       1 |   3.7
        D:8 |    1169 |    1642 |  58.4 |      19 |      16 |  45.7
     Bailey |       0 |     316 | 100.0 |       0 |      20 | 100.0
            +---------+---------+-------+---------+---------+-------
